Map: Dusty Gorge

Players

dhrma

  • Race: Protoss Protoss
  • Spawn Location: 11:00

Infinity

  • Race: Protoss Protoss
  • Spawn Location: 9:00

ConTroL - Winner!

  • Race: Zerg Zerg
  • Spawn Location: 5:00

PureLegacy - Winner!

  • Race: Terran Terran
  • Spawn Location: 3:00

VOD

Have the link to the VOD?

Description

Time

  • Played on: Nov. 27, 2018, 3:23 p.m.
  • Length: 3:50
Show
View Real Time Build Order
Export as new Build Order

dhrma Protoss 

Build Orders: 1 Gate Expand 

Get SALT Encoding   

  12  0:23  Probe  
  13  0:31  Probe  
  13  0:32  Pylon  
  13  0:39  Probe  
  15  0:52  Probe  
  16  0:57  Gateway  
  16  1:02  Assimilator  
  16  1:04  Probe  
  17  1:16  Probe  
  18  1:35  Zealot  
  18  1:38  Nexus  
  18  1:41  Probe  
  21  1:53  Probe  
  22  1:55  Cybernetics Core  
  22  2:03  Pylon  
  22  2:10  Probe  
  22  2:12  Assimilator  
  23  2:22  Adept, Probe  
  24  2:34  Probe  
  26  2:46  Probe  
  26  2:47  Stargate  
  26  2:50  Probe  
  28  2:59  Probe  
  28  3:02  Probe  
  30  3:11  Adept  
  30  3:17  Gateway  
  30  3:18  Probe  
  30  3:19  Probe  
  29  3:30  Probe  
Show
View Real Time Build Order
Export as new Build Order

Infinity Protoss 

Build Orders:  

Get SALT Encoding   

  12  0:01  Probe  
  13  0:13  Probe  
  14  0:18  Pylon  
  14  0:25  Probe  
  15  0:33  Probe  
  15  0:41  Probe  
  15  0:42  Forge  
  17  0:52  Probe  
  18  1:18  Pylon  
  18  1:20  Pylon  
  18  1:26  Probe  
  18  1:29  Gateway  
  19  1:38  Photon Cannon  
  19  1:41  Pylon  
  19  1:43  Probe  
  19  1:45  Assimilator  
  20  1:55  Assimilator, Probe  
  20  2:00  Photon Cannon  
  21  2:07  Probe  
  22  2:17  Cybernetics Core  
  22  2:19  Probe  
  17  2:46  Pylon  
Show
View Real Time Build Order
Export as new Build Order

ConTroL Zerg - Winner!

Build Orders: Pool First 

Get SALT Encoding   

  12  0:00  Drone  
  13  0:17  Drone  
  13  0:19  Extractor  
  13  0:20  Drone, Extractor  
  13  0:21  Drone  
  15  0:38  Spawning Pool  
  14  0:43  Drone, Extractor  
  15  0:51  Overlord  
  15  1:25  Zergling x6  
  18  1:26  Metabolic Boost  
  18  1:27  Queen  
  20  1:37  Zergling x2  
  21  1:55  Zergling x2  
  21  1:57  Overlord  
  22  2:15  Hatchery  
  21  2:17  Zergling x2  
  22  2:26  Zergling x2  
  23  2:32  Zergling x2  
  24  2:40  Zergling x4  
  24  2:41  Zergling x2  
  23  2:45  Zergling x2  
  24  2:56  Zergling x2  
  25  2:59  Queen  
  27  3:10  Zergling x4  
  27  3:11  Zergling x2  
  30  3:13  Overlord  
  30  3:29  Overlord  
  30  3:30  Zergling x2  
Show
View Real Time Build Order
Export as new Build Order

PureLegacy Terran - Winner!

Build Orders:  

Get SALT Encoding   

  12  0:00  SCV  
  13  0:12  SCV  
  14  0:18  Supply Depot  
  14  0:25  SCV  
  15  0:30  Refinery  
  15  0:39  SCV  
  16  0:46  Barracks  
  16  0:51  SCV  
  17  1:04  Barracks  
  17  1:17  Barracks  
  17  1:24  SCV  
  18  1:34  Reaper  
  19  1:45  Orbital Command  
  19  1:53  Reaper  
  20  2:07  Orbital Command  
  20  2:08  Reaper  
  20  2:14  Refinery  
  20  2:20  Refinery  
  20  2:35  Reaper  
  21  2:45  Supply Depot  
  21  2:52  Reaper  
  22  3:02  Reaper  
  23  3:06  SCV  
  23  3:11  Supply Depot  
  25  3:12  Reaper  
  25  3:18  SCV  
  28  3:46  Barracks Tech Lab, Barracks Reactor  
  28  3:47  Barracks Reactor  
  27  3:50  Engineering Bay  
Tags
 
Add a new tag
Caveats
  • Supply blocks, unpowered buildings, or Contaminate may cause inaccurate times.
  • Supply counts are checked every 10 seconds.